Map: Prion Terraces

Players

lesha - Winner!

  • Race: Terran Terran
  • League: Silver

Dekachin

  • Race: Terran Terran
  • League: Silver

VOD

Have the link to the VOD?

Description

Time

  • Played on: Jan. 2, 2016, 9:06 p.m.
  • Length: 8:23
Show
View Real Time Build Order
Export as new Build Order

lesha Terran - Winner!

Build Orders: Reaper Expand, MMM Bio 

Get SALT Encoding   

  12  0:01  SCV  
  13  0:13  SCV  
  14  0:18  Supply Depot  
  14  0:25  SCV  
  15  0:40  SCV  
  15  0:41  Barracks  
  16  0:47  Refinery  
  16  0:52  SCV  
  17  1:04  SCV  
  18  1:16  SCV  
  19  1:28  Orbital Command  
  19  1:31  Reaper  
  20  1:41  Command Center  
  20  1:57  SCV  
  21  2:02  Supply Depot  
  21  2:09  SCV, Barracks Reactor  
  22  2:15  Refinery  
  22  2:16  Barracks  
  22  2:21  SCV  
  23  2:33  SCV  
  24  2:45  SCV  
  25  2:55  Orbital Command  
  25  2:56  Marine x2  
  27  3:05  Barracks Tech Lab  
  27  3:07  Factory, Barracks  
  27  3:09  SCV  
  28  3:17  Supply Depot  
  28  3:18  Marine x2  
  30  3:21  SCV  
  30  3:24  SCV  
  32  3:31  Stimpack  
  32  3:33  SCV  
  33  3:36  SCV  
  33  3:39  Marine  
  33  3:40  Marine  
  36  3:44  Marauder  
  36  3:45  SCV  
  39  3:48  SCV  
  39  4:17  Factory Tech Lab, Barracks Reactor  
  39  4:18  Marine x2  
  39  4:19  Marauder  
  43  4:24  Engineering Bay  
  43  4:28  SCV x2  
  48  4:38  Siege Tank  
  48  4:39  Marine x2  
  48  4:40  SCV x2  
  52  4:47  Supply Depot  
  52  4:51  Supply Depot  
  52  4:52  SCV x2  
  54  4:57  Starport, Barracks  
  54  5:03  Marine x5  
  59  5:21  Missile Turret  
  59  5:22  Missile Turret  
  59  5:23  Missile Turret  
  59  5:24  Missile Turret  
  59  5:26  Missile Turret  
  59  5:27  SCV x2  
  61  5:32  Combat Shields  
  61  5:33  Marine x2  
  61  5:35  Marine  
  64  5:37  Missile Turret  
  64  5:38  Starport Reactor  
  64  5:40  Marine x2  
  66  5:52  Missile Turret  
  62  6:06  Marine x3  
  62  6:07  Marine x3  
  62  6:08  Siege Tank  
  68  6:24  Marine x2  
  63  6:38  Medivac  
  63  6:39  Medivac  
  67  6:40  Marine x2  
  67  6:43  Barracks Reactor, Marine  
  67  6:44  Marine x2  
  67  6:45  Siege Tank  
  75  6:49  SCV x2  
  77  7:01  SCV, Refinery  
  78  7:02  Command Center  
  78  7:03  Refinery  
  78  7:07  SCV, Marauder  
  81  7:09  Marine x3  
  81  7:10  Supply Depot, Marine  
  81  7:11  Medivac  
  81  7:12  Supply Depot  
  81  7:13  SCV  
  81  7:14  Supply Depot  
  88  7:21  Marine x2  
  90  7:27  Marine x3  
  93  7:34  Marine x2  
  95  7:39  Marine  
  95  7:44  Barracks  
  96  7:46  Supply Depot  
  96  7:47  Supply Depot, Barracks  
  96  7:49  Supply Depot  
  96  7:53  Command Center  
Show
View Real Time Build Order
Export as new Build Order

Dekachin Terran 

Build Orders: 1/1/1, Liberator Opening 

Get SALT Encoding   

  12  0:01  SCV  
  13  0:13  SCV  
  14  0:19  Supply Depot  
  14  0:26  SCV  
  14  0:28  Refinery  
  15  0:43  Barracks  
  15  0:47  SCV  
  16  1:00  SCV  
  17  1:12  SCV  
  18  1:24  SCV  
  19  1:32  Factory, Marine  
  20  1:38  Orbital Command  
  20  1:40  Supply Depot  
  20  1:46  Refinery  
  20  1:53  Reaper  
  21  2:04  Supply Depot  
  21  2:15  SCV  
  22  2:27  SCV, Starport  
  22  2:29  Barracks Reactor  
  23  2:33  Supply Depot  
  23  2:39  SCV  
  23  2:51  Factory Tech Lab  
  23  2:54  SCV  
  24  3:04  Liberator  
  24  3:06  SCV  
  24  3:07  Command Center  
  25  3:18  SCV  
  26  3:22  Marine  
  30  3:28  Siege Tank  
  30  3:31  SCV  
  34  3:37  Supply Depot, Liberator  
  34  3:43  SCV  
  35  3:50  Marine  
  39  4:01  Engineering Bay  
  39  4:03  Supply Depot  
  39  4:17  Siege Tank  
  39  4:22  Orbital Command  
  42  4:25  Supply Depot  
  42  4:27  SCV  
  43  4:37  Missile Turret  
  43  4:41  Missile Turret  
  44  4:48  Liberator  
  46  5:15  Orbital Command  
  46  5:16  Siege Tank  
  46  5:18  Marine  
  50  5:23  SCV  
  50  5:24  Missile Turret  
  51  5:35  SCV  
  51  5:36  Marine  
  53  5:48  SCV  
  54  5:53  Marine  
  55  6:07  SCV x2  
  57  6:11  Marine  
  57  6:13  Liberator x2  
  52  6:19  SCV x2  
  51  6:29  Marine  
  51  6:31  SCV  
  51  6:32  SCV, Siege Tank  
  56  6:43  SCV  
  56  6:44  SCV  
  58  6:47  Marine  
  59  6:56  SCV x2  
  61  7:01  Refinery  
  61  7:03  Refinery  
  61  7:04  Siege Tank  
  61  7:05  Marine  
  65  7:17  SCV  
  65  7:19  Liberator  
  66  7:22  Supply Depot, Marine  
  66  7:26  SCV  
  66  7:29  SCV  
  72  7:38  SCV  
  72  7:40  Marine  
  72  7:41  SCV  
  75  7:45  Armory  
  75  7:58  Marine  
  78  8:03  SCV  
  66  8:13  Armory  
Tags
 
Add a new tag
Caveats
  • Supply blocks, unpowered buildings, or Contaminate may cause inaccurate times.
  • Supply counts are checked every 10 seconds.